 Dungeon Crawl Stone Soup version 0.26-a0-667-g92642533e4 (webtiles) character file.

Game seed: 10041171697872385082

429 Lavandula the Cutter (level 7, -14/52 HPs)
             Began as a Human Warper on Oct 16, 2020.
             Splashed by an orc wizard's acid (15 damage)
             ... on level 5 of the Dungeon.
             The game lasted 00:13:06 (4706 turns).

Lavandula the Cutter (Human Warper)                 Turns: 4706, Time: 00:13:06

Health: -14/52     AC:  3    Str: 11    XL:     7   Next: 19%
Magic:  19/19      EV: 12    Int: 15    God:
Gold:   113        SH:  0    Dex: 13    Spells: 2/10 levels left

rFire    . . .     SeeInvis .   f - +0 dagger (venom)
rCold    . . .     Faith    .   (no shield)
rNeg     . . .     Spirit   .   b - +0 leather armour
rPois    .         Reflect  .   (no helmet)
rElec    .         Harm     .   (no cloak)
rCorr    .         Rampage  .   (no gloves)
MR       .....                  (no boots)
Stlth    +.........             (no amulet)
HPRegen  0.17/turn              w - ring of magical power
MPRegen  0.16/turn              (no ring)

@: no status effects
A: no striking features
a: no special abilities


You were on level 5 of the Dungeon.
You visited 1 branch of the dungeon, and saw 6 of its levels.

You collected 302 gold pieces.
You spent 189 gold pieces at shops.

Inventory:

Hand Weapons
 f - a +0 dagger of venom (weapon)
 g - a +3 vampiric whip
 j - the +8 quarterstaff of Nooto {vorpal, +Inv rPois Int-3, unknown}
   (You found it on level 6 of the Dungeon)

   It inflicts extra damage upon your enemies.
   It affects your intelligence (-3).
   It protects you from poison.
   It lets you turn invisible.
 s - a +1 whip of distortion
 C - a +2 scimitar of draining
Missiles
 e - 5 boomerangs of dispersal
 m - 36 poisoned darts (quivered)
 t - a throwing net
Armour
 b - a +0 leather armour (worn)
Magical Staves
 D - an uncursed staff of cold
Jewellery
 w - a ring of magical power (left hand)
Scrolls
 i - 2 scrolls of amnesia
 k - 3 scrolls of teleportation
 y - a scroll of enchant armour
 A - a scroll of fog {unknown}
Potions
 a - a potion of berserk rage {unknown}
 c - a potion of cancellation {unknown}
 h - a potion of magic {unknown}
 l - a potion of might {unknown}
 o - a potion of curing
 p - a potion of resistance {unknown}
 r - a potion of haste
 u - a potion of flight {unknown}
 x - 2 potions of mutation {unknown}
 B - a potion of brilliance {unknown}


   Skills:
 - Level 3.3 Fighting
 - Level 3.6(4.3) Short Blades
 - Level 3.5(4.2) Long Blades
 - Level 1.7 Maces & Flails
 - Level 1.0 Throwing
 - Level 1.0 Armour
 - Level 2.6 Dodging
 - Level 2.0 Spellcasting
 - Level 3.0 Translocations
 + Level 2.6 Ice Magic


You had 2 spell levels left.
You knew the following spells:

 Your Spells              Type           Power        Failure   Level
a - Blink                 Tloc           N/A          13%         2
b - Gell's Gravitas       Tloc           ##........   26%         3
c - Frozen Ramparts       Ice            #.....       30%         3

Your spell library contained the following spells:

 Spells                   Type           Power        Failure   Level
 Freeze                   Ice            #...         10%         1
 Lesser Beckoning         Tloc           ##........   26%         3
 Teleport Other           Tloc           ##......     26%         3
 Ozocubu's Armour         Ice            #.......     30%         3
 Passage of Golubria      Tloc           N/A          63%         4
 Hailstorm                Conj/Ice       #.......     86%         4
 Summon Ice Beast         Ice/Summ       #.......     86%         4


Dungeon Overview and Level Annotations

Branches:
Dungeon (6/15)             Temple (0/1) D:4

Altars:
Uskayaw

Shops:
D:4 (

Annotations:
D:3 Sigmund
D:5 Dowan, Duvessa, Edmund


Message History

As you read the scroll of blinking, it crumbles to dust.
An orc and an orc wizard come into view.
The orc wizard shouts!
The orc shouts!
The orc wizard picks up a blackened silver wand.
You feel much better. The orc wizard casts a spell at you.
The puff of flame hits you!
Unknown command.
The orc wizard mumbles some strange words.
The orc wizard flickers and vanishes!
Deactivating autopickup; reactivate with Ctrl-A.
The centaur shoots an arrow.
The arrow completely misses you.
You see here an arrow.
Unknown command.
You hear a zap.
A bolt of acid appears from out of thin air!
The bolt of acid hits you!!
* * * LOW HITPOINT WARNING * * *
You are splashed with acid!
You die...

# (. ... ....
....
...#..#####
#....o{@(.#
#.#######.#..##
#.#)..# #!#...#
#..(..### ##
#Y....... ..
#.@.... #
#######..c#.#
...5......#.#


You could see an orc.

Vanquished Creatures
  A centaur (D:5)
  A howler monkey (D:5)
  Jessica (D:2)
  3 worker ants
  A hound skeleton (D:4)
  4 gnolls (D:4)
  7 adders
  2 oozes
  4 worms
  4 dart slugs
  4 bats
  4 giant cockroaches
  5 goblins
  9 hobgoblins
  8 jackals
  10 kobolds
  A quokka (D:3)
  A ball python (D:2)
  5 frilled lizards
  10 rats
85 creatures vanquished.

Notes
Turn   | Place    | Note
-------+----------+-------------------------------------------
     0 | D:1      | Lavandula the Human Warper began the quest for the Orb.
     0 | D:1      | Reached XP level 1. HP: 16/16 MP: 3/3
   181 | D:1      | Reached skill level 1 in Short Blades
   181 | D:1      | Reached XP level 2. HP: 22/22 MP: 5/5
   630 | D:1      | Reached XP level 3. HP: 27/27 MP: 6/6
   635 | D:1      | Learned a level 2 spell: Blink
   639 | D:1      | Learned a level 3 spell: Gell's Gravitas
  1038 | D:2      | Reached XP level 4. HP: 21/33 MP: 7/7
  1448 | D:2      | Noticed Jessica
  1479 | D:2      | Killed Jessica
  1479 | D:2      | Reached skill level 1 in Maces & Flails
  1479 | D:2      | Reached XP level 5. HP: 38/38 MP: 6/8
  1824 | D:2      | Found a faded altar of an unknown god.
  1922 | D:3      | Noticed Sigmund
  2580 | D:3      | Noticed a phantom
  2773 | D:3      | Reached XP level 6. HP: 47/47 MP: 9/9
  3110 | D:4      | Found a staircase to the Ecumenical Temple.
  3291 | D:4      | Learned a level 3 spell: Frozen Ramparts
  3385 | D:4      | Found Hapat's Antique Weapon Boutique.
  3388 | D:4      | Bought a runed scimitar for 189 gold pieces
  4417 | D:4      | Noticed a phantom
  4437 | D:5      | Entered Level 5 of the Dungeon
  4448 | D:5      | Noticed Duvessa
  4448 | D:5      | Noticed Dowan
  4470 | D:5      | Reached XP level 7. HP: 28/52 MP: 10/10
  4525 | D:6      | Found a hide-covered altar of Uskayaw.
  4540 | D:6      | Got a fine quarterstaff
  4700 | D:5      | Noticed Edmund
  4706 | D:5      | HP: 1/52 [something/bolt of acid (24)]
  4706 | D:5      | Splashed by an orc wizard's acid

Illustrated notes

Levels and vault maps discovered:
D:1:      evilmike_arrival_fibonacci_small, layout_rooms
D:2:      layout_basic, chequers_ecumenical_altar_grove, minmay_tetromino_l4,
          uniq_jessica
D:3:      layout_basic, minmay_fractal_squares_5, uniq_sigmund
D:4:      layout_loops_ring, minmay_temple_entry_offerings, serial_shops,
          shop_statue
D:5:      layout_loops_ring, fiery_altar_vehumet, lemuel_crystal_altar,
          kennysheep_mini_moat, serial_glass, glass_columns_a, glass_columns_b,
          uniq_pikel, uniq_edmund, uniq_duvessa
D:6:      kennysheep_orc_sif_temple, layout_cave_pools,
          eat_drink_and_be_merry_uskayaw, ebering_ghost_reflecting_pool,
          minmay_starry_boxes

Skill      XL: |  1  2  3  4  5  6 |
---------------+-------------------+-----
Short Blades   | 1 2 3 |  3.6
Maces & Flails | 1 |  1.7
Fighting       | 3 |  3.3
Long Blades    | 3 |  3.5
Ice Magic      | 2 |  2.6
Throwing       | |  1.0
Armour         | |  1.0
Dodging        | |  2.6
Spellcasting   | |  2.0
Translocations | |  3.0

Action                   |  1- 3 |  4- 6 |  7- 9 || total
-------------------------+-------+-------+-------++-------
Melee: Falchion          |    11 |    23 |       ||    34
       Dagger            |    68 |   189 |    16 ||   273
       Scimitar          |       |     6 |       ||     6
Throw: Dart              |     7 |    50 |       ||    57
 Cast: Blink             |       |     2 |       ||     2
       Gell's Gravitas   |       |     2 |       ||     2
       Frozen Ramparts   |       |       |     1 ||     1
  Use: Scroll            |       |     8 |     1 ||     9
       Potion            |       |     4 |     1 ||     5
 Stab: Sleeping          |       |     2 |       ||     2
Armor: Leather armour    |    11 |    32 |     2 ||    45
Dodge: Dodged            |    49 |   128 |     7 ||   184
       Rpst.: Falchion   |     2 |     6 |       ||     8

Table legend: (Time is in decaauts)
 A = Elapsed time spent in this place.
 B = Non-inter-level travel time spent in this place.
 C = Inter-level travel time spent in this place.
 D = Time resting spent in this place.
 E = Time spent auto-exploring this place.
 F = Levels seen in this place.
 G = Mean time per level.
                   A        B        C        D        E       F      G
               +--------+--------+--------+--------+--------+-----+--------+
         Total |   4647 |   4410 |    237 |    566 |   2548 |   6 |  774.5 |
       Dungeon |   4647 |   4410 |    237 |    566 |   2548 |   6 |  774.5 |
               +--------+--------+--------+--------+--------+-----+--------+

Top non-repeatable levels by time:
     D:3: 1195 daAuts
     D:4: 1154 daAuts
     D:2: 1116 daAuts
     D:1: 935 daAuts
     D:6: 142 daAuts
     D:5: 102 daAuts
